[Event "Championnat d'Europe de Blitz"]
[Date "2024.12.09"]
[White "Kiratzopoulos, Efthimios"]
[Black "Perunovic, Miodrag"]
[WhiteElo "2193"]
[BlackElo "2357"]
[Round "7.49"]
[Result "0-1"]
[TimeControl "180+2"]

1. d4 Nf6 2.
Nf3 e6 3. Bg5 h6 4. Bh4 b6 5. Nbd2 Bb7 6. e3 c5 7. c3 cxd4 8. exd4 Be7 9. Bd3 O-O 10. O-O d6 11. Qe2 Nbd7 12. Ba6 Qc8 13. Bxb7 Qxb7 14. Rfe1 Rfe8 15. h3 b5 16. a4 bxa4 17. Nc4 Rec8 18. Rxa4 Qb5 19. Rb4 Qa6 20. Ne3 Qc6 21. Rc4 Qb7 22. Rxc8+ Rxc8 23. Ra1 Rb8 24. b4 Bf8 25. Qa6 Qc7 26. Ra3 Rb7 27. Bg3 Ne4 28. Qc4 Nxg3 29.
Qxc7 Rxc7 30. fxg3 d5 31. Ne1 Nf6 32. Nd3 Ne4 33. Nc5 Bxc5 34. bxc5 Nxg3 35. Ra6 Ne2+ 36. Kf2 Nxc3 37. Ng4 Nb5 38. Ke3 Nc3 39. Ne5 f6 40. Nd3 Kf7 41. Nf4 Re7 42. c6 Nb5 43. Nd3 Nd6 44. Nc5 Rc7 45. Kd3 e5 46. Nb3 e4+ 47. Kc3 f5 48. Kb4 e3 49. Nc1 Ne4 50. Nd3 Ke6 51. Nc5+ Kd6 52. Nb7+ Ke6 53. Nc5+ Nxc5 54. Kxc5 f4 55.
Ra2 g5 56.
Rb2 h5 57.
Rb8 g4 58.
hxg4 hxg4 59. Re8+ Re7 60. Rb8 e2 61. Rb1 f3 62. gxf3 gxf3 63. Rh1 f2 64. Rh6+ Kf5 65. Kd6 e1=Q 0-1

[Site "Europe Echecs"]

[Event "Championnat d'Europe de Blitz"]
[Date "2024.12.09"]
[White "Nakonechnyi, Oleksii"]
[Black "Aizenberg, Benny"]
[WhiteElo "2052"]
[BlackElo "2425"]
[Round "7.50"]
[Result "0-1"]
[TimeControl "180+2"]

1. Nf3 c5 2. g3 d5 3. Bg2 g6 4. O-O Bg7 5. d4 cxd4 6. Nxd4 e5 7. Nb3 Ne7 8. c4 d4 9.
e3 O-O 10.
exd4 exd4 11. Re1 h6 12. Na3 Nbc6 13. Nc2 Bf5 14. Nc5 Qb6 15. Nd3 Rad8 16. Rb1 Rfe8 17. b3 g5 18. Bb2 Ng6 19. Qd2 Nce5 20. Nxe5 Nxe5 21.
Rbd1 d3 22.
Ne3 Be6 23.
Bxe5 Bxe5 24. Nd5 Bxd5 25. Bxd5 Bd4 26. Rxe8+ Rxe8 27. Qxd3 Bxf2+ 28. Kg2 Be1 29. Qf1 Qg6 30. Rxe1 Qc2+ 31. Kh1 Rxe1 32. Qxe1 Qf5 33. Kg2 b6 34. Qf2 Qg6 35. b4 Kg7 36. c5 bxc5 37. bxc5 f6 38.
c6 Qd3 39. Bf3 Qc3 40. Qxa7+ Kg6 41. Qf2 f5 42. g4 fxg4 43. Be4+ Kh5 44. Qc2 0-1

[Site "Europe Echecs"]

[Event "Championnat d'Europe de Blitz"]
[Date "2024.12.09"]
[White "Pacher, Milan"]
[Black "Goraj, Barbara"]
[WhiteElo "2310"]
[BlackElo "2178"]
[Round "7.51"]
[Result "0-1"]
[TimeControl "180+2"]

1. e4 c5 2. Nf3 Nc6 3. d4 cxd4 4. Nxd4 Nf6 5. Nc3 d6 6. Bg5 e6 7. Qd2 a6 8. O-O-O Bd7 9. f3 Be7 10. h4 h6 11. Be3 h5 12. Bg5 Nxd4 13. Qxd4 Qc7 14. Kb1 b5 15. Qd2 b4 16. Ne2 Rb8 17. Nd4 a5 18. Bd3 a4 19. Qe2 Qa5 20. Bc4 O-O 21. g4 hxg4 22. fxg4 Rfc8 23. Nf3 Bb5 24. Bxb5 Rxb5 25. Rhe1 b3 26. cxb3 axb3 27. a3 Rc2 28. Rd2 Rbc5 29. Nd4 Rxd2 30. Qxd2 Qa4 31. Qd3 Rc4 32. Nxb3 Bf8 33. Bxf6 gxf6 34. Nd2 Rc8 35. Rc1 Rb8 36. Ka2 Qa7 37. Nc4 Qf2 38. Rc2 Qxh4 39. Qf3 Be7 40. Ne3 Qe1 41. g5 fxg5 42.
Ng4 Kg7 43.
Rh2 Qa5 44.
Rh7+ 0-1

[Site "Europe Echecs"]

[Event "Championnat d'Europe de Blitz"]
[Date "2024.12.09"]
[White "Bognar, Csaba Dr."]
[Black "Diermair, Andreas"]
[WhiteElo "2067"]
[BlackElo "2433"]
[Round "7.52"]
[Result "1/2-1/2"]
[TimeControl "180+2"]

1. d4 Nf6 2.
c4 e6 3. Nf3 b6 4. g3 Ba6 5. Nbd2 d5 6. b3 Be7 7. Bg2 O-O 8. O-O c5 9. Bb2 Nbd7 10. Rc1 Rc8 11. cxd5 exd5 12. Re1 Bb7 13. Ne5 Re8 14. Nd3 Bd6 15. e3 Nf8 16. Nf3 Ne4 17. Nd2 Nf6 18. Nf3 Ne6 19. Nfe5 Ne4 20. f3 Nf6 21. Qd2 a6 22. Nf4 Nxf4 23. exf4 b5 24. dxc5 Bxc5+ 25. Bd4 Bxd4+ 26.
Qxd4 Qd6 27.
Bf1 h6 28.
Bd3 Nd7 29.
Nxd7 Qxd7 30. Kf2 Rxc1 31. Rxc1 Qd6 32. Re1 Rxe1 33. Kxe1 Qe6+ 34. Kf2 Qd6 35. Bb1 g6 36. Qd3 Qc5+ 37. Qe3 Qd6 38. Qd4 1/2-1/2

[Site "Europe Echecs"]

[Event "Championnat d'Europe de Blitz"]
[Date "2024.12.09"]
[White "Narva, Triin"]
[Black "Alienkin, Aleksander"]
[WhiteElo "2064"]
[BlackElo "2337"]
[Round "7.53"]
[Result "1-0"]
[TimeControl "180+2"]

1. e4 c5 2. Nf3 a6 3. c3 e6 4. d4 d5 5. e5 Bd7 6. Be3 Ne7 7. Bd3 cxd4 8. cxd4 Bb5 9. Bxb5+ axb5 10. Qb3 Qa5+ 11. Nfd2 Nf5 12. Nc3 b4 13. Ne2 Nc6 14. O-O Be7 15. g4 Nxe3 16. Qxe3 O-O 17. f4 f5 18. exf6 Bxf6 19. g5 Bd8 20. Nb3 Qb5 21. Qxe6+ Kh8 22. g6 Bf6 23. Qh3 h6 24. Ng3 Bxd4+ 25. Kh1 Bxb2 26. Rad1 Rf6 27. f5 Rxa2 28. Nh5 Qe2 29. Rde1 Be5 30. Rxe2 Rxe2 31. Qf3 Rxh2+ 32. Kg1 Rb2 33. Qxd5 Rf8 34. Rf2 Rb1+ 35. Kg2 Rd8 36. Qf7 Rbd1 37. Nc5 Bd4 38. Ne6 Rg8 39. f6 Nd8 40. fxg7+ Bxg7 41. Nxd8 Rdxd8 42. Nf6 Rdf8 43. Qe7 b3 44. Nxg8 Rxg8 45. Qxb7 b2 46. Rf7 h5 47. Kh3 h4 48. Kxh4 Rd8 49. Rxg7 Rd4+ 50.
Kg5 1-0

[Site "Europe Echecs"]

[Event "Championnat d'Europe de Blitz"]
[Date "2024.12.09"]
[White "Tudor, Henry Edward"]
[Black "Navara, David"]
[WhiteElo "2375"]
[BlackElo "2665"]
[Round "7.54"]
[Result "0-1"]
[TimeControl "180+2"]

1. d4 Nf6 2. c4 e6 3. Nc3 Bb4 4. e3 O-O 5. Bd3 d5 6. a3 Bxc3+ 7. bxc3 dxc4 8. Bxc4 c5 9. Nf3 Qc7 10. Be2 Rd8 11. O-O b6 12. Bb2 Bb7 13. c4 Nbd7 14. Re1 Nf8 15. Ne5 Ng6 16. Nxg6 hxg6 17. Qb3 g5 18. Rad1 Rac8 19. h3 Ne4 20. a4 cxd4 21. exd4 Nd6 22. Rc1 Nf5 23. Red1 Qf4 24. a5 bxa5 25. Qxb7 Rb8 26. Qa6 Rxb2 27. Re1 Nxd4 0-1

[Site "Europe Echecs"]

[Event "Championnat d'Europe de Blitz"]
[Date "2024.12.09"]
[White "Korobov, Anton"]
[Black "Pichot, Alan"]
[WhiteElo "2629"]
[BlackElo "2637"]
[Round "8.1"]
[Result "1-0"]
[TimeControl "180+2"]

1. e4 e5 2.
Nf3 Nc6 3.
Bc4 Bc5 4.
d3 h6 5. Be3 Bb6 6. Nc3 Nf6 7. Nd5 d6 8. Nxb6 axb6 9. c3 O-O 10. O-O d5 11. exd5 Nxd5 12. Re1 Re8 13. h3 Bf5 14. Bd2 Nf6 15. Re3 Qd6 16. b4 Rad8 17. Qb3 Be6 18. Rae1 Nd5 19. Re4 b5 20. Bxb5 Nf6 21. Qc2 Nxe4 22.
dxe4 f6 23.
Be3 Qe7 24.
a4 Qf7 25.
a5 Bc4 26.
Ba4 Bd3 27.
Qb3 Bxe4 28.
Qxf7+ Kxf7 29. Nd2 Bf5 30. Nb3 Rd3 31. Rc1 Red8 32. Nc5 Rxe3 33. fxe3 Rd2 34. e4 Bc8 35. a6 b5 36. Bxb5 Na7 37. Bc4+ Ke7 38. b5 Rb2 39. Ra1 Kd6 40. Nb7+ Ke7 41. Bf1 g6 42. c4 f5 43. exf5 gxf5 44. Na5 Kd6 45. Nc6 Nxc6 46. bxc6 Rb8 47.
a7 Ra8 48. Ra5 e4 49. c5+ Kxc6 50. Bc4 Bb7 51. Kf2 f4 52. Be6 Re8 53. Bf5 e3+ 54. Ke2 Kd5 55. Bd7 Kd4 56. Bxe8 1-0

[Site "Europe Echecs"]

[Event "Championnat d'Europe de Blitz"]
[Date "2024.12.09"]
[White "Van Foreest, Jorden"]
[Black "Mamedov, Rauf"]
[WhiteElo "2677"]
[BlackElo "2656"]
[Round "8.2"]
[Result "1-0"]
[TimeControl "180+2"]

1. e4 c5 2. Nf3 d6 3. Bb5+ Nc6 4. O-O Bd7 5. Re1 Nf6 6. c3 a6 7. Bc4 Bg4 8. d3 Bxf3 9. Qxf3 Ne5 10. Qe2 Nxc4 11. dxc4 g6 12. e5 dxe5 13. Qxe5 Bg7 14. Qxc5 Rc8 15. Qb4 O-O 16. Qxb7 Rxc4 17. Qxa6 Qc7 18. Nd2 Rc6 19. Qe2 e6 20. Nf3 Nd5 21. Bg5 Rb8 22. Bh4 Qb7 23. Bg3 Ra8 24. Be5 f6 25. Bd4 e5 26. Be3 Rb8 27. Rad1 Nxe3 28. fxe3 Qxb2 29. Rd8+ Kf7 30. Nxe5+ fxe5 31. Qf3+ Ke7 32. Rxb8 Qxc3 33. Rb7+ Kd8 34. Rd1+ 1-0

[Site "Europe Echecs"]

[Event "Championnat d'Europe de Blitz"]
[Date "2024.12.09"]
[White "Muradli, Mahammad"]
[Black "Fedoseev, Vladimir"]
[WhiteElo "2588"]
[BlackElo "2709"]
[Round "8.3"]
[Result "0-1"]
[TimeControl "180+2"]

1. Nf3 Nf6 2. c4 e6 3. g3 d5 4. Bg2 Be7 5. O-O O-O 6. b3 b6 7. Bb2 Bb7 8. cxd5 Bxd5 9. Nc3 Bb7 10. d4 Nbd7 11. Qc2 Rc8 12. Rad1 c5 13. Qb1 c4 14. bxc4 Rxc4 15. Ne5 Bxg2 16. Kxg2 Nxe5 17. dxe5 Nd7 18. Ne4 Qc7 19. Nd6 Rc5 20. Qe4 Ra5 21. a3 Nc5 22. Qf3 f6 23. Qe3 Qc6+ 24. f3 Ra4 25. Rd2 f5 26. Rd4 Rxd4 27. Qxd4 Rd8 28. Rd1 Nb7 29. Rd3 Nxd6 30. exd6 Bf6 31. Qe3 0-1

[Site "Europe Echecs"]

[Event "Championnat d'Europe de Blitz"]
[Date "2024.12.09"]
[White "Jobava, Baadur"]
[Black "Quparadze, Giga"]
[WhiteElo "2578"]
[BlackElo "2537"]
[Round "8.4"]
[Result "1-0"]
[TimeControl "180+2"]

1. c4 c5 2.
Nc3 Nc6 3. g3 g6 4. Bg2 Bg7 5. Nf3 d6 6. O-O e6 7. a3 Nge7 8. Rb1 b6 9. d3 Bb7 10. Bg5 h6 11. Bd2 O-O 12. b4 Qd7 13. e3 Rab8 14. Qe2 Rfd8 15. Rfd1 Nf5 16. Be1 Qe7 17. h4 h5 18. Nb5 Ba8 19. Bc3 e5 20. Be1 Qd7 21. Nc3 Nce7 22. Nd5 Nxd5 23.
cxd5 Ne7 24.
e4 Bb7 25.
Kh2 Qa4 26.
Ng5 Qe8 27.
Bd2 Bc8 28.
bxc5 dxc5 29. Bc3 Bg4 30. f3 Bd7 31. Qb2 f6 32. Nh3 Nc8 33. f4 Nd6 34. Rf1 Nb5 35. Bd2 Bg4 36. Nf2 Bd7 37. fxe5 Qxe5 38. Qc1 Qe8 39. Nh3 Nd4 40. Nf4 Bg4 41. Be3 Ne2 42.
Qd2 Nxf4 43.
gxf4 Bf8 44.
d4 cxd4 45.
Bxd4 Bg7 46. Rbe1 Qb5 47. a4 Qc4 48. Rc1 Qxa4 49. e5 Be6 50. Ra1 Qd7 51. exf6 Bxd5 52. Be5 Qf7 53. Bxb8 Qxf6 54. Bxd5+ Kh7 55. Be5 Qxh4+ 56. Kg1 Bf8 57. Rxa7+ Kh6 58. f5+ g5 59. Qf2 Bc5 60. Bg7+ Kh7 61. Bd4+ Kh6 62. Qxh4 1-0

[Site "Europe Echecs"]

[Event "Championnat d'Europe de Blitz"]
[Date "2024.12.09"]
[White "Trushko, Andrii"]
[Black "Fressinet, Laurent"]
[WhiteElo "2143"]
[BlackElo "2588"]
[Round "8.5"]
[Result "0-1"]
[TimeControl "180+2"]

1. d4 Nf6 2. Bg5 d5 3. e3 c5 4. c3 Nc6 5. Nd2 cxd4 6. exd4 Bf5 7. Ngf3 e6 8. Be2 Be7 9. h3 h6 10. Bxf6 Bxf6 11. a4 O-O 12. O-O Qc7 13. Re1 Rad8 14. Nf1 Be4 15. Bd3 Bxf3 16. Qxf3 Qe7 17. a5 a6 18. Qe2 g6 19. Nd2 Qc7 20. Nb3 e5 21. dxe5 Nxe5 22. Nd4 Rfe8 23. Qd2 Bg7 24. Bf1 Nd7 25. Rxe8+ Rxe8 26. Nf3 Nf6 27. Qd3 Qc5 28. Qd4 Qd6 29. Rd1 Qc7 30. Qb4 Bf8 31. Qa4 Re4 32. Qb3 Bc5 33. Nd4 Re7 34. Qa2 Kg7 35. Qa4 Ne4 36. Rd3 Bd6 37. g3 Nc5 38. Qc2 Nxd3 39. Qxd3 Bc5 40. Nb3 Ba7 41. Kg2 Qe5 42. Qf3 Re6 43. Qd3 Qe4+ 44. Qxe4 dxe4 45. Bc4 Rf6 46. Bd5 Rxf2+ 47. Kh1 Rxb2 0-1

[Site "Europe Echecs"]

[Event "Championnat d'Europe de Blitz"]
[Date "2024.12.09"]
[White "Peyrer, Konstantin"]
[Black "Sarana, Alexey"]
[WhiteElo "2440"]
[BlackElo "2674"]
[Round "8.6"]
[Result "0-1"]
[TimeControl "180+2"]

1. d4 Nf6 2. c4 e6 3. Nf3 d5 4. g3 Be7 5. Bg2 O-O 6. O-O dxc4 7. Qc2 a6 8. a4 b6 9. Ne5 Ra7 10. Qxc4 Bb7 11. Bxb7 Rxb7 12. Nc3 c5 13. Rd1 cxd4 14. Rxd4 Qc8 15. Be3 Bc5 16. Rd3 Bxe3 17. Rxe3 Nbd7 18. Qxc8 Rxc8 19. Rd1 Nxe5 20.
Rxe5 Kf8 21. Kg2 Ke7 22. Kf3 Rc4 23. h3 Rb4 24. Rd2 Rc7 25. g4 h6 26. Re3 g5 27. Red3 h5 28. gxh5 Nxh5 29. e3 f5 30. Rd4 Rb3 31. R4d3 Kf7 32. Rd7+ Rxd7 33. Rxd7+ Kf6 34. Ra7 a5 35. Nb5 Rxb2 36. Rb7 Rb4 37. Rxb6 Ng7 38. Ra6 Rxa4 39. Nd4 Ra2 40. Nb3 a4 41. Nc5 a3 42.
Nd7+ Ke7 43.
Ne5 Ra1 44.
Ra7+ Kf6 45. Nd7+ Kg6 46. Ne5+ Kh6 47. Nf7+ Kh7 48. Nxg5+ Kg6 49. h4 a2 50. Ra6 Kh5 51. Nf7 Kxh4 52. Ne5 Nh5 53. Ra4+ Kg5 54. Kg2 Nf6 55. Nf3+ Kg6 56. Nd4 Nd5 57. Ra6 Nb4 58. Rxe6+ Kf7 59. Re5 Rg1+ 60. Kxg1 a1=Q+ 61. Kg2 Nd3 62. Rxf5+ Kg6 63. Rf8 Qa7 64. Nf3 Qb7 65. Rg8+ Kh7 66. Rf8 Qg7+ 0-1

[Site "Europe Echecs"]

[Event "Championnat d'Europe de Blitz"]
[Date "2024.12.09"]
[White "Deac, Bogdan-Daniel"]
[Black "Koelle, Tobias"]
[WhiteElo "2696"]
[BlackElo "2437"]
[Round "8.7"]
[Result "1/2-1/2"]
[TimeControl "180+2"]

1. Nf3 d5 2. d4 Nf6 3. Bf4 c5 4. e3 Nc6 5. c3 Qb6 6. Qc2 g6 7. Nbd2 Bf5 8. dxc5 Qxc5 9. Qb3 Qb6 10. Qxb6 axb6 11. Nd4 Bd7 12. Bc7 Nxd4 13. exd4 b5 14. Be5 Bg7 15. Nb3 O-O 16. Nc5 Bc6 17.
Nd3 Nd7 18.
Bxg7 Kxg7 19. Nb4 Rfe8 20. O-O-O Nb8 21. h4 Na6 22. Nc2 h6 23. a3 Nc7 24. Bd3 f6 25. f4 Bd7 26. Ne3 h5 27. Rde1 Rac8 28. Kd2 Rcd8 29. Rhg1 f5 30. Nc2 e6 31. Nb4 Rf8 32. Be2 Ne8 33. Nd3 Nd6 34. Ne5 Bc6 35. Bd3 Kf6 36. Ra1 Ra8 37. Rge1 Rfd8 38. Rad1 Ne4+ 39. Kc1 Rdc8 40. Kb1 Ra5 41. Re3 Rca8 42. Kc1 Be8 43. Rde1 Rc8 44.
Bc2 Ra6 45.
Nd3 Bd7 46.
Nb4 Raa8 47.
Kd1 Nd6 48.
Bd3 Ne4 49.
Ke2 Be8 50.
Kf1 Bd7 51. Kg1 Nd6 52. R3e2 Ne4 53. Bc2 Nd6 54. Nd3 Ne4 55. Ne5 Be8 56. Bd3 Ra5 57. Rd1 Ra7 58. Bxe4 fxe4 59. Re3 b4 60. axb4 Ra2 61. Rb1 Rca8 62. Kf2 Ra1 63. Ree1 R1a2 64.
Ke3 Kf5 65. g3 Ba4 66. Kd2 Bb3 67. Nd7 Kg4 68. Ne5+ Kf5 69. Re3 Ra1 70. Ree1 R1a2 71. Rg1 Ba4 72. g4+ hxg4 73. Rxg4 Be8 74. Rg5+ Kf6 75.
Ng4+ Ke7 76.
Ne5 Kf6 77. Rg3 Ra1 78. Rgg1 R1a2 79. Ng4+ Kf5 80. Ne3+ Kf6 81. Rg2 Ra1 82. Rgg1 R1a2 83. Ng4+ Kf5 84. Ne5 Kf6 85. Ke3 R8a7 86. Rgf1 Bb5 87. Rh1 Be8 88. Rhg1 Ra8 89. Rge1 R8a7 90. Rg1 Ra8 91. Rg2 Ra1 92. Rbg1 R8a2 93. Ng4+ Ke7 94. Rxa1 Rxa1 95. Ne5 Kf6 96.
Ng4+ Kf5 97. Nh6+ Kf6 98. Ng4+ Kf5 99. Nh6+ Kf6 100. Ng4+ Kf5 101. Ne5 Re1+ 102. Kf2 Rh1 103. Kg3 Rb1 104. Kf2 1/2-1/2

[Site "Europe Echecs"]

[Event "Championnat d'Europe de Blitz"]
[Date "2024.12.09"]
[White "Beerdsen, Thomas"]
[Black "Santos Latasa, Jaime"]
[WhiteElo "2502"]
[BlackElo "2628"]
[Round "8.8"]
[Result "0-1"]
[TimeControl "180+2"]

1. e4 c5 2. Nf3 d6 3. d4 cxd4 4. Nxd4 Nf6 5. Nc3 a6 6. a3 e5 7. Nf5 d5 8. Bg5 d4 9. Bxf6 gxf6 10. Nb1 Qb6 11. Nd2 Be6 12. Bc4 Nd7 13. O-O h5 14. c3 dxc3 15. bxc3 Qc7 16. Qe2 Nb6 17. Bb3 O-O-O 18.
Rab1 Bxa3 19. Ng7 Bg4 20. Nf3 Rhg8 21. Nf5 Bc5 22. Kh1 Bxf5 23. exf5 Rd7 24. Nd2 Rgd8 25. Ne4 Qc6 26. Rfe1 Nd5 27. Bxd5 Rxd5 28. Qxh5 R8d7 29. Qh8+ Rd8 30. Qg7 Be7 31. Qxf7 R5d7 32. Qb3 Kb8 33. h3 Rd3 34. Qf7 R8d7 35. Kh2 Ka7 36. Qb3 Rc7 37. Rb2 Rd5 38. Qa2 Rb5 39. Rxb5 Qxb5 40. Qe6 Qd3 41. Re3 Qd8 42. c4 Rc6 43. Qd5 Qc8 44. Rb3 Qxf5 45. Rb2 Qc8 46. Qf7 Qc7 47. Qd5 f5 48. Ng3 Qc8 49. Qxe5 Bd6 50.
Qd4+ Ka8 51.
Qd5 Bb8 52.
Rb4 f4 53.
Ne4 f3+ 54. g3 Rh6 55. Ng5 Qc7 56. Qxf3 Rc6 57. Kg2 Qe7 58. Rxb7 Qxb7 0-1

[Site "Europe Echecs"]

[Event "Championnat d'Europe de Blitz"]
[Date "2024.12.09"]
[White "Pultinevicius, Paulius"]
[Black "Dvirnyy, Danyyil"]
[WhiteElo "2579"]
[BlackElo "2491"]
[Round "8.9"]
[Result "0-1"]
[TimeControl "180+2"]

1. d4 Nf6 2.
c4 e6 3. Nc3 d5 4. cxd5 exd5 5. Bg5 Be7 6. e3 h6 7. Bh4 O-O 8. Bd3 Re8 9. Nge2 c6 10. f3 b5 11. Rc1 a5 12. O-O Nbd7 13. Bf2 Bb7 14. Ng3 Rc8 15. e4 b4 16. Na4 dxe4 17. fxe4 c5 18. e5 Nd5 19. Qg4 Bf8 20. Nf5 Qg5 21. Qf3 cxd4 22. Rxc8 Rxc8 23. Bh4 Nxe5 24. Qe4 Qg6 25. Qxe5 f6 26. Qe6+ Qf7 27. Qe4 g6 28. Qg4 Kh7 29. Nxd4 Ne3 30. Rxf6 Qxf6 31. Qd7+ Qg7 32. Qxg7+ Bxg7 33. Ne6 Rc1+ 34. Kf2 Nxg2 35. Bg3 Bf6 36. Nac5 Rxc5 37. Nxc5 Bd4+ 38. Ke2 Bxc5 39. Bc7 a4 40. Bb5 a3 41. b3 Nh4 42. Kd3 Bd5 43. Bc4 Bxc4+ 44. Kxc4 Be7 45. Ba5 Nf3 46. Bxb4 Ne5+ 47. Kb5 Bxb4 48. Kxb4 g5 49. Kc5 Kg6 50. Kd5 Kf5 51. b4 Nd3 52. b5 Nb4+ 53. Kc4 Nxa2 54. b6 Nb4 55. Kd4 0-1

[Site "Europe Echecs"]

[Event "Championnat d'Europe de Blitz"]
[Date "2024.12.09"]
[White "Lagarde, Maxime"]
[Black "Bernadskiy, Vitaliy"]
[WhiteElo "2600"]
[BlackElo "2546"]
[Round "8.10"]
[Result "1/2-1/2"]
[TimeControl "180+2"]

1. e4 c5 2. Nf3 Nc6 3. Bb5 Nf6 4. d3 Qa5+ 5. Nc3 Nd4 6. Bc4 b5 7. Bb3 Nxb3 8. cxb3 Bb7 9. O-O g6 10. d4 cxd4 11. Qxd4 Bg7 12. b4 Qb6 13. Qxb6 axb6 14. Re1 O-O 15. Bg5 h6 16. Bxf6 Bxf6 17. e5 Bg7 18. Nxb5 Rfc8 19. Nfd4 Ba6 20. a3 Bxb5 21.
Nxb5 Rc2 22. Rad1 Rd8 23. Nd4 Rxb2 24. Nc6 Ra8 25. Rxd7 e6 26. Rb7 Rxa3 27. Rxb6 Re2 28. Kf1 Rc2 29. Nd4 Rb2 30. Rb8+ Kh7 31. Rb7 Kg8 32. Rb8+ Kh7 33. Rb7 Kg8 34. Rb8+ 1/2-1/2

[Site "Europe Echecs"]

[Event "Championnat d'Europe de Blitz"]
[Date "2024.12.09"]
[White "Paichadze, Luka"]
[Black "Sargissian, Gabriel"]
[WhiteElo "2532"]
[BlackElo "2628"]
[Round "8.11"]
[Result "1/2-1/2"]
[TimeControl "180+2"]

1. e4 e5 2.
Nf3 Nc6 3. d4 exd4 4. Nxd4 Nf6 5. Nxc6 bxc6 6. Bd3 d5 7. exd5 cxd5 8. O-O Be7 9. h3 O-O 10. Nd2 c5 11. b3 Bb7 12. Re1 d4 13. Nc4 Re8 14. Bd2 Qd5 15. f3 Bd6 16. Nxd6 Qxd6 17. Rxe8+ Rxe8 18. Qf1 Nd5 19. Re1 Re7 20. Rxe7 Qxe7 21. Qe1 Qxe1+ 22. Bxe1 Nf4 23. Kf2 Nxd3+ 24. cxd3 Kf8 25. b4 Ba6 26. Ke2 c4 27. Bf2 cxd3+ 28. Kd2 Bb5 29. Bxd4 a6 30. a4 Bxa4 1/2-1/2

[Site "Europe Echecs"]

[Event "Championnat d'Europe de Blitz"]
[Date "2024.12.09"]
[White "Kalezic, Blazo"]
[Black "Pantsulaia, Levan"]
[WhiteElo "2382"]
[BlackElo "2522"]
[Round "8.12"]
[Result "0-1"]
[TimeControl "180+2"]

1. e4 c5 2.
Nf3 e6 3. c3 Nf6 4. d3 d6 5. Nbd2 Nc6 6. g3 Be7 7. Bg2 O-O 8. O-O Bd7 9. Re1 Rc8 10. Nf1 b5 11. a3 Ne5 12. d4 cxd4 13. cxd4 Nxf3+ 14. Bxf3 Bc6 15. Bg2 Ba8 16. d5 Re8 17. Ne3 Bf8 18. Bd2 exd5 19. exd5 Ne4 20. Rc1 Rxc1 21.
Bxc1 Nc5 22.
Bd2 Nd3 23.
Re2 Nxb2 24.
Qb3 Nc4 25.
Qxb5 Nxd2 26. Rxd2 Qb8 27. Qd3 g6 28. h4 Bg7 29. h5 Bb7 30. Rd1 Qc7 31. Ng4 Bc8 32. Ne3 Bd7 33. hxg6 hxg6 34. Kh2 Qc5 35. Bh3 Bb5 36. Qb3 Bh6 37. Ng4 Bg7 38. Ne3 a5 39. a4 Be2 40. Re1 Bc4 41. Qc2 Bxd5 42.
Qxc5 dxc5 43. Rc1 Bb3 44. Rxc5 Ra8 45. Bg2 Ra7 46. Bd5 Bxa4 47. Nc4 Bd4 48. Rc8+ Kg7 49. Nd6 Bxf2 50. Rc4 Bb3 0-1

[Site "Europe Echecs"]

[Event "Championnat d'Europe de Blitz"]
[Date "2024.12.09"]
[White "Gavrilescu, David"]
[Black "Dardha, Daniel"]
[WhiteElo "2549"]
[BlackElo "2639"]
[Round "8.13"]
[Result "1-0"]
[TimeControl "180+2"]

1. e4 c5 2.
Nf3 Nc6 3.
Bb5 e6 4.
O-O Nge7 5.
Re1 a6 6.
Bf1 d5 7.
exd5 Qxd5 8.
Na3 Qd8 9.
Nc4 b5 10.
Nce5 Bb7 11.
a4 Qb6 12.
axb5 axb5 13. Rxa8+ Bxa8 14. Nxf7 Kxf7 15. Ng5+ Kg8 16. Qf3 Nf5 17. Rxe6 g6 18. Qd5 Kg7 19. d4 Qc7 20. Qa2 Bb7 21. Rxc6 Qxc6 22. Qf7+ Kh6 23. Ne4+ Kh5 24. Be2+ Kh4 25.
g3+ Kh3 26.
Ng5# 1-0

[Site "Europe Echecs"]

[Event "Championnat d'Europe de Blitz"]
[Date "2024.12.09"]
[White "Samunenkov, Ihor"]
[Black "Baidetskyi, Valentin"]
[WhiteElo "2543"]
[BlackElo "2519"]
[Round "8.14"]
[Result "0-1"]
[TimeControl "180+2"]

1. d4 d6 2.
e4 Nf6 3.
Nc3 e5 4.
Nf3 Nbd7 5.
Bc4 Be7 6.
O-O O-O 7.
a4 exd4 8.
Nxd4 Ne5 9.
Ba2 Nc6 10.
Re1 Nb4 11.
Bb3 c5 12.
Nde2 Be6 13.
Bxe6 fxe6 14. Nf4 Qd7 15. Nd3 d5 16. e5 Nxd3 17. Qxd3 Ng4 18. f3 Nh6 19. Bxh6 gxh6 20. Ne4 Qe8 21. Nd6 Qg6 22. Qxg6+ hxg6 23. c4 Rad8 24. Nxb7 Rb8 25. Na5 Rxb2 26. Nc6 Bg5 27. cxd5 exd5 28. e6 d4 29. Rad1 Be3+ 30. Kh1 Re8 31. e7 Rb6 32. Ne5 Rxe7 33. Nc4 Rb4 34.
Nxe3 Rxe3 35. Rxe3 dxe3 36. a5 Rd4 37. Re1 c4 38. Kg1 c3 39. Kf1 Rd2 40. Rc1 c2 41. Ke1 Kf7 0-1

[Site "Europe Echecs"]

[Event "Championnat d'Europe de Blitz"]
[Date "2024.12.09"]
[White "Zlatkov, Anton"]
[Black "Ragger, Markus"]
[WhiteElo "2324"]
[BlackElo "2577"]
[Round "8.15"]
[Result "0-1"]
[TimeControl "180+2"]

1. e4 e5 2. Nf3 Nc6 3. Bc4 Nf6 4. d3 Bc5 5. c3 d6 6.
O-O a6 7.
Bb3 O-O 8.
h3 h6 9.
Nbd2 Re8 10.
Re1 Be6 11.
Nf1 Bxb3 12.
axb3 a5 13.
Ng3 d5 14.
Qe2 Qd7 15.
Nh2 Rad8 16.
Qf3 dxe4 17.
dxe4 Qe6 18.
Nf5 Bf8 19.
Be3 b6 20.
Rad1 Ne7 21.
Ng4 Nxg4 22.
hxg4 Qxb3 23. Rxd8 Rxd8 24. g5 hxg5 25.
Bxg5 f6 26.
Bc1 Nxf5 27.
exf5 Qd5 28.
Qh5 Qf7 29.
Qg4 b5 30.
Kh2 a4 31.
Be3 Qb3 32. Re2 Qd1 33. Qh5 c5 34. Kg3 b4 35. cxb4 cxb4 36. Qg4 Rc8 37. Rd2 Qxg4+ 38. Kxg4 b3 39. Kf3 Rc4 40. Rd8 Kf7 41. Ra8 a3 42. bxa3 b2 0-1

[Site "Europe Echecs"]

[Event "Championnat d'Europe de Blitz"]
[Date "2024.12.09"]
[White "Kazakouski, Valery"]
[Black "Papasimakopoulos, Alexandros"]
[WhiteElo "2567"]
[BlackElo "2379"]
[Round "8.16"]
[Result "0-1"]
[TimeControl "180+2"]

1. e4 e6 2. d4 d5 3. Nc3 Bb4 4. e5 c5 5. a3 Bxc3+ 6. bxc3 Nc6 7. h4 Nge7 8. h5 h6 9. Qg4 Nf5 10. Bd3 Nce7 11. a4 Qa5 12. Bd2 c4 13. Be2 Bd7 14. Qh3 Nc8 15. g4 Nfe7 16. f4 Bxa4 17. f5 b5 18. Nf3 Qc7 19. Ra2 Nb6 20. O-O Nd7 21. Nh4 Qb6 22. g5 O-O-O 23. fxe6 fxe6 24. Bg4 Nxe5 25. Bxe6+ Kb7 26. Re1 N5c6 27. Rb1 Qa5 28. Nf3 Rdf8 29. Kg2 Ka8 30. Bd7 Qc7 31. Re1 Qd6 32. Bg4 Qc7 33. Ne5 hxg5 34. Bxg5 Nxe5 35. Rxe5 Ng6 36.
Rxd5 Nf4+ 37. Bxf4 Qxf4 38. Bf3 Kb8 39. Qg3 Qxg3+ 40. Kxg3 Rf7 41. Rb2 a6 42. Rd6 Ka7 43. Rg6 Re8 44. Kf2 Ref8 45. Rg3 Kb6 46. Ke3 Re7+ 47. Kd2 Rf4 48. Rg6+ Ka7 49. Rg3 Ref7 50. Ke3 R4f6 51. d5 Re7+ 52. Kd4 Kb6 53. Rg6 Rxg6 54. hxg6 Re1 55. Ra2 Rg1 56. Be4 Rc1 57. Bf5 Rd1+ 58. Ke5 Kc5 59. Be4 Re1 60. Kf4 Kd6 61. Rb2 Rf1+ 62. Ke3 Ke5 63. Bf3 Re1+ 64. Kd2 Rg1 65. Ke3 Re1+ 66. Kd2 Ra1 67.
Ke3 Rg1 68.
Ra2 Rxg6 69.
Ra1 Rg3 70.
Kf2 Rxf3+ 71. Kxf3 Kxd5 72. Ke3 Ke5 73. Rg1 Kf6 74.
Kd2 g5 75.
Rf1+ Ke5 76. Rf2 g4 77. Ke3 a5 78. Rg2 Kf5 79. Rf2+ Ke5 80. Rh2 Kd6 81. Kd4 g3 82. Rg2 Kc6 83.
Rxg3 Bxc2 84. Rg8 a4 85. Rf8 a3 86. Rf6+ Kc7 87. Rf7+ Kc6 88. Rf6+ Kd7 89. Rf7+ Ke6 90. Rf2 a2 0-1

[Site "Europe Echecs"]

[Event "Championnat d'Europe de Blitz"]
[Date "2024.12.09"]
[White "Fridman, Daniel"]
[Black "Horvath, Dominik"]
[WhiteElo "2571"]
[BlackElo "2542"]
[Round "8.17"]
[Result "0-1"]
[TimeControl "180+2"]

1. d4 Nf6 2. Nf3 g6 3. c4 Bg7 4. g3 c6 5. Bg2 d5 6. Nbd2 O-O 7. O-O a5 8. b3 a4 9. Ba3 Re8 10. e3 Bf5 11. Qe2 Nbd7 12. Nh4 Bg4 13. f3 Be6 14. f4 Bg4 15. Qd3 e6 16. Bd6 Bf5 17. Nxf5 exf5 18. cxd5 Nxd5 19. Nc4 N7f6 20. Be5 Ne4 21. Bxg7 Kxg7 22. a3 axb3 23. Rfb1 b5 24. Ne5 Qd6 25. Rxb3 f6 26. Nf3 Ra4 27. Ne1 b4 28. Nc2 Rea8 29. Bxe4 fxe4 30. Qxe4 bxa3 31. Ra2 f5 32. Qd3 c5 33. Rbxa3 c4 34. Qe2 Rxa3 35. Rxa3 Rxa3 36. Nxa3 Qxa3 37.
Qxc4 Qxe3+ 38. Kg2 Qe4+ 39. Kh3 Ne3 40. Qc7+ Kh6 41. Kh4 Qf3 0-1

[Site "Europe Echecs"]

[Event "Championnat d'Europe de Blitz"]
[Date "2024.12.09"]
[White "Djukic, Nikola"]
[Black "Larkin, Vladyslav"]
[WhiteElo "2493"]
[BlackElo "2449"]
[Round "8.18"]
[Result "1-0"]
[TimeControl "180+2"]

1. e4 d6 2.
d4 Nf6 3.
Nc3 c6 4. a4 Nbd7 5. Nf3 e5 6. Bc4 Be7 7. O-O h6 8. Re1 Qc7 9. b3 g5 10. Bb2 Nf8 11. dxe5 dxe5 12. Nd5 cxd5 13. Bxe5 Qb6 14. exd5 Bg4 15. d6 O-O-O 16. dxe7 Rxd1 17. Bxf6 Rxe1+ 18. Rxe1 Bd7 19. e8=Q+ Bxe8 20. Rxe8+ Kd7 21. Bb5+ Kd6 22. Be5+ Kc5 23. Bd4+ Kb4 24. Bxb6 axb6 25. Ne5 1-0

[Site "Europe Echecs"]